 Dungeon Crawl Stone Soup version 0.29-a0-418-gc0181ea (webtiles) character file.

Game seed: 1887300953157566510

339 Illumine the Slasher (level 6, -1/53 HPs)
             Began as a Minotaur Gladiator on May 17, 2022.
             Was a Follower of Uskayaw.
             Slain by a mummy (3 damage)
             ... in an ossuary.
             The game lasted 00:03:23 (3373 turns).

Illumine the Slasher (Minotaur Gladiator)           Turns: 3373, Time: 00:03:24

Health: -1/53      AC:  4    Str: 18    XL:     6   Next: 29%
Magic:  3/6        EV: 12    Int:  5    God:    Uskayaw [*.....]
Gold:   203        SH:  0    Dex: 14    Spells: 5/5 levels left

rFire   . . .      SeeInvis .   a - +0 long sword
rCold   . . .      Faith    .   (no shield)
rNeg    . . .      Spirit   .   b - +0 leather armour
rPois   +          Reflect  .   c - +0 hat
rElec   .          Harm     .   m - +0 cloak
rCorr   .          Rampage  .   (no gloves)
Will    +....                   (no boots)
Stlth   +.........              (no amulet)
HPRegen 0.17/turn               j - ring of poison resistance
MPRegen 0.10/turn               v - ring of willpower

@: no status effects
A: horns 2, retaliatory headbutt
a: Renounce Religion, Stomp


You were in an ossuary.
You worshipped Uskayaw.
Uskayaw was noncommittal.
You visited 1 branch of the dungeon, and saw 4 of its levels.
You also visited: Ossuary.

You collected 203 gold pieces.

Inventory:

Hand Weapons
 a - a +0 long sword (weapon)
 x - the +8 spear of Equilibrium {drain, rPois rF+}
   (You found it on level 3 of the Dungeon)

   A truly terrible weapon, it drains the life of any living foe it strikes.
   rF:        It protects you from fire.
   rPois:     It protects you from poison.
Missiles
 d - 3 throwing nets (quivered)
 e - 6 javelins
 l - 2 boomerangs of dispersal
Armour
 b - a +0 leather armour (worn)
 c - a +0 hat (worn)
 m - a +0 cloak (worn)
Jewellery
 j - a ring of poison resistance (left hand)
 v - a ring of willpower (right hand)
Scrolls
 h - a scroll of immolation {unknown}
 k - 8 scrolls of identify {unknown}
 n - a scroll of noise {unknown}
 o - 2 scrolls of amnesia {unknown}
 q - a scroll of silence {unknown}
 r - a scroll of summoning {unknown}
 s - 2 scrolls of teleportation {unknown}
 w - a scroll of magic mapping {unknown}
 y - a scroll of poison {unknown}
Potions
 f - a potion of heal wounds {unknown}
 g - 2 potions of degeneration {unknown}
 i - 2 potions of brilliance {unknown}
 p - a potion of attraction {unknown}
 t - a potion of lignification {unknown}
 u - 6 potions of curing {unknown}


   Skills:
 + Level 4.7 Fighting
 - Level 6.0 Long Blades
 * Level 3.0 Polearms
 - Level 2.0 Throwing
 - Level 3.2 Dodging
 + Level 2.0 Invocations


You had 5 spell levels left.
You didn't know any spells.
Your spell library was empty.

Dungeon Overview and Level Annotations

Branches:
Dungeon (4/15)            Ossuary (1/1)
 Temple: D:4-7

Altars:
Trog
Uskayaw


Innate Abilities, Weirdness & Mutations

You have a pair of horns on your head.
You reflexively headbutt those who attack you in melee.


Message History

The kobold zombie closely misses you. The quokka zombie bites you.
You puncture the goblin zombie!
You destroy the goblin zombie!
The gnoll zombie hits you but does no damage.
The quokka zombie barely misses you. You furiously retaliate!
You headbutt the quokka zombie! The kobold zombie closely misses you.
The quokka zombie bites you but does no damage.
The quokka zombie attacks as you move away!
The quokka zombie closely misses you. You furiously retaliate!
You headbutt the quokka zombie.
You destroy the quokka zombie!
A rat zombie and a kobold zombie come into view.
The gnoll zombie barely misses you. The gnoll zombie closely misses you.
You furiously retaliate!
You headbutt the gnoll zombie. The kobold zombie misses you.
The kobold zombie closely misses you.
You hit the gnoll zombie.
The gnoll zombie is moderately damaged.
You puncture the gnoll zombie!
You destroy the gnoll zombie!
The kobold zombie hits you but does no damage.
The mummy hits you!!
Unknown command.
a - a +0 long sword (weapon)
You slash the kobold zombie!
You destroy the kobold zombie!
The mummy hits you!
* * * LOW HITPOINT WARNING * * *
You can now pass through a line of other dancers.
Unknown command.
You barely miss the mummy.
You stomp with the beat, sending a shockwave through the revellers around you!
The mummy is moderately damaged.
The kobold zombie is heavily damaged.
The mummy is heavily damaged.
You can no longer pass through a line of other dancers.
The kobold zombie barely misses you. You furiously retaliate!
You headbutt the kobold zombie. The mummy hits you!
* * * LOW HITPOINT WARNING * * *
The mummy hits you.
You die...

### ### ## #
#..########.###.###.#
##......#............
#...∩.∩.'.M..........
##......#.MMZZ.......
#..########@###.###.#
### ### #


You could see 3 mummies, a rat zombie and a kobold zombie.

Vanquished Creatures
  A phantom (D:4)
  An elf zombie (D:4)
  A human skeleton (D:4)
  An orc wizard (D:3)
  6 adders
  3 dart slugs
  4 orcs (D:3)
  8 bats
  8 endoplasms
  4 giant cockroaches
  3 goblins
  6 hobgoblins
  6 jackals (D:2)
  2 kobolds
  3 quokkas
  3 ball pythons
  5 frilled lizards
  A gnoll zombie (Ossuary)
  A goblin zombie (Ossuary)
  A kobold zombie (Ossuary)
  An orc skeleton (D:4)
  An orc zombie (D:4)
  A quokka zombie (Ossuary)
  8 rats
79 creatures vanquished.

Notes
Turn   | Place    | Note
-------+----------+-------------------------------------------
     0 | D:1      | Illumine the Minotaur Gladiator began the quest for the
                  | Orb.
     0 | D:1      | Reached XP level 1. HP: 18/18 MP: 0/0
   156 | D:1      | Reached skill level 4 in Long Blades
   341 | D:1      | Reached XP level 2. HP: 21/25 MP: 1/1
  1168 | D:1      | Reached XP level 3. HP: 19/31 MP: 2/2
  1384 | D:2      | Reached skill level 5 in Long Blades
  1728 | D:2      | Reached XP level 4. HP: 33/39 MP: 3/3
  1968 | D:2      | Found a faded altar of an unknown god.
  2004 | D:2      | Found a bloodstained altar of Trog.
  2319 | D:2      | Prayed at the altar of an unknown god.
  2319 | D:2      | Became a worshipper of Uskayaw the Reveller
  2319 | D:2      | Reached * piety under Uskayaw
  2536 | D:3      | Reached ** piety under Uskayaw
  2737 | D:3      | Reached skill level 6 in Long Blades
  2737 | D:3      | Reached XP level 5. HP: 46/46 MP: 4/4
  2739 | D:3      | Reached *** piety under Uskayaw
  2743 | D:3      | Reached skill level 1 in Invocations
  2994 | D:3      | Identified the +8 spear of Equilibrium {drain, rPois rF+}
  3224 | D:4      | Noticed a phantom
  3237 | D:4      | Killed a phantom
  3315 | D:4      | Found a sand-covered staircase.
  3332 | D:4      | Reached XP level 6. HP: 36/53 MP: 6/6
  3352 | Ossuary  | Entered an ossuary
  3373 | Ossuary  | HP: 2/53 [mummy (13)]
  3373 | Ossuary  | Slain by a mummy

Illustrated notes

Levels and vault maps discovered:
D:1:      minmay_arrival_up_and_down, layout_loops_ring
D:2:      layout_loops_ring, basic_altar,
          dreamdust_ecumenical_altar_angels_and_demons,
          minmay_fractal_squares_gapless_5
D:3:      layout_loops_cross
D:4:      layout_basic, temple_pool_b, nicolae_ossuary_entry_catacombs,
          uniq_robin
Ossuary:  ossuary_minmay_chase

Skill      XL: |  1  2  3  4  5 |
---------------+----------------+-----
Long Blades    | 4 5 6 |  6.0
Fighting       | 3 4 |  4.7
Invocations    | 2 |  2.0
Polearms       | 3 |  3.0
Throwing       | |  2.0
Dodging        | |  3.2

Action                   |  1- 3 |  4- 6 || total
-------------------------+-------+-------++-------
Melee: Long sword        |    64 |    57 ||   121
       Headbutt          |    11 |    17 ||    28
       Punch             |       |     1 ||     1
       Spear             |       |    41 ||    41
Invok: Stomp             |       |     1 ||     1
 Stab: Paralysed         |       |     2 ||     2
       Sleeping          |       |     1 ||     1
Armor: Leather armour    |    18 |    30 ||    48
Dodge: Dodged            |    45 |    73 ||   118

Table legend: (Time is in decaauts)
 A = Elapsed time spent in this place.
 B = Non-inter-level travel time spent in this place.
 C = Inter-level travel time spent in this place.
 D = Time resting spent in this place.
 E = Time spent auto-exploring this place.
 F = Levels seen in this place.
 G = Mean time per level.
                   A        B        C        D        E       F      G
               +--------+--------+--------+--------+--------+-----+--------+
         Total |   3389 |   3243 |    146 |    233 |   2461 |   5 |  677.8 |
       Dungeon |   3368 |   3222 |    146 |    233 |   2461 |   4 |  842.0 |
       Ossuary |     20 |     20 |      0 |      0 |      0 |   1 |   20.0 |
               +--------+--------+--------+--------+--------+-----+--------+

Top non-repeatable levels by time:
     D:1: 1324 daAuts
     D:2: 1184 daAuts
     D:3: 706 daAuts
     D:4: 153 daAuts
 Ossuary: 20 daAuts
